[Event "ROU-chT 1st League 2019"]
[Site "Mamaia"]
[Date "2019.09.28"]
[Round "8.9"]
[White "Dicu, Razvan-Stefan"]
[Black "Georgescu, Tiberiu-Marian"]
[Result "1/2-1/2"]
[ECO "B13"]
[WhiteElo "2291"]
[BlackElo "2508"]
[Annotator "ChessBase"]
[PlyCount "121"]
[EventDate "2019.09.21"]
[EventType "team-tourn"]
[EventCountry "ROU"]
[SourceTitle "playchess.com"]
[Source "ChessBase"]
[SourceQuality "1"]
[TimeControl "40/5400+30:1800+30"]

1. e4 c6 2. c4 d5 3. exd5 cxd5 4. d4 Nf6 5. Nc3 Nc6 6. Nf3 Be6 7. c5 g6 8. Bb5 Bg7 9. Ne5 Bd7 10. Nxd7 Qxd7 11. O-O O-O 12. h3 Rfd8 13. Re1 Ne4 14. Be3 Nxc5 15. dxc5 d4 16. Bxd4 Bxd4 17. Qf3 Bxc5 18. Rad1 Qf5 19. Rxd8+ Rxd8 20. Bxc6 bxc6 21. Qxf5 gxf5 22. Re5 Bb4 23. Rxf5 Rd2 24. Na4 Rd1+ 25. Kh2 Rd4 26. Nc5 Rd2 27. a3 Bxc5 28. Rxc5 Rxf2 29. b4 Ra2 30. Ra5 f5 31. Rxa7 Kf7 32. Kg3 Kf6 33. Ra6 Ke5 34. Kf3 Rb2 35. Ra5+ Kf6 36. g4 e5 37. gxf5 Kxf5 38. Rc5 Rb3+ 39. Kg2 Kf4 40. Rxc6 Rg3+ 41. Kh2 Rxa3 42. Rf6+ Ke3 43. b5 Rb3 44. b6 e4 45. h4 Kd2 46. Rd6+ Ke2 47. Rh6 e3 48. Rxh7 Rxb6 49. h5 Rd6 50. Kg3 Kd3 51. Re7 e2 52. Kf4 Rd5 53. Kg4 Kd2 54. h6 e1=Q 55. Rxe1 Kxe1 56. h7 Rd8 57. Kg5 Kf2 58. Kg6 Kg3 59. Kg7 Kg4 60. h8=Q Rxh8 61. Kxh8 1/2-1/2

[Event "ROU-chT 1st League 2019"]
[Site "Mamaia"]
[Date "2019.09.28"]
[Round "8.10"]
[White "David, Alexandru-Vasile"]
[Black "Nastase, Robert-Paul"]
[Result "1-0"]
[ECO "A46"]
[WhiteElo "2424"]
[BlackElo "2280"]
[Annotator "NA"]
[PlyCount "91"]
[EventDate "2019.09.21"]
[EventType "team-tourn"]
[EventCountry "ROU"]
[SourceTitle "playchess.com"]
[Source "ChessBase"]
[SourceQuality "1"]
[TimeControl "40/5400+30:1800+30"]

1. d4 Nf6 2. Nf3 e6 3. e3 b6 4. Bd3 Bb7 5. O-O c5 6. c4 d6 7. Nc3 Nbd7 8. b3 Be7 9. Bb2 cxd4 10. exd4 O-O 11. d5 e5 12. Ng5 g6 13. f4 Nh5 14. Nxh7 Kxh7 15. Qxh5+ Kg7 16. Qe2 Kg8 17. f5 Kg7 18. Ne4 Nf6 19. Nxf6 Bxf6 20. fxg6 fxg6 21. Qe4 Qe8 22. Rf3 Bg5 23. Rxf8 Kxf8 24. Qxg6 Qxg6 25. Bxg6 Kg7 26. Be4 Rf8 27. Bc1 Kh6 28. g3 Bc8 29. Bxg5+ Kxg5 30. Rf1 Rxf1+ 31. Kxf1 Bh3+ 32. Kf2 a5 33. Bg2 Bf5 34. h4+ Kf6 35. Bf1 Bb1 36. a3 Ba2 37. b4 axb4 38. axb4 b5 39. c5 dxc5 40. bxc5 b4 41. d6 e4 42. Ke3 Bd5 43. Kd4 b3 44. Kc3 e3 45. h5 Bf3 46. h6 1-0

[Event "ROU-chT 1st League 2019"]
[Site "Mamaia"]
[Date "2019.09.28"]
[Round "8.11"]
[White "Pop, Alexandru"]
[Black "Stoleriu, George"]
[Result "1/2-1/2"]
[ECO "A27"]
[WhiteElo "2274"]
[BlackElo "2351"]
[Annotator "NA"]
[PlyCount "97"]
[EventDate "2019.09.21"]
[EventType "team-tourn"]
[EventCountry "ROU"]
[SourceTitle "playchess.com"]
[Source "ChessBase"]
[SourceQuality "1"]
[TimeControl "40/5400+30:1800+30"]

1. c4 e5 2. Nc3 Nc6 3. Nf3 f5 4. d4 e4 5. Ng5 Nf6 6. Nh3 Bb4 7. e3 Bxc3+ 8. bxc3 d6 9. Be2 O-O 10. O-O Kh8 11. Ba3 Re8 12. Rb1 Qe7 13. Nf4 Qf7 14. Rb2 Nd8 15. Nh3 Ne6 16. Rb5 c5 17. Qc2 Qg6 18. Nf4 Nxf4 19. exf4 b6 20. Bc1 Qf7 21. Rb2 Nd7 22. Be3 Nb8 23. d5 Nd7 24. a4 Ba6 25. Ra1 Reb8 26. Qb1 Qe8 27. Ra3 Bc8 28. h3 a5 29. Ra1 Ba6 30. Kf1 Qg6 31. g3 Rb7 32. Ke1 Qh6 33. Bf1 Rf8 34. Kd2 Rbb8 35. Qd1 Rbe8 36. Kc2 Kg8 37. Kb3 Kf7 38. Ka3 Ke7 39. Rbb1 Kd8 40. Qc2 Kc7 41. Be2 Qf6 42. Rg1 Rf7 43. Qd2 Nf8 44. Rg2 Ng6 45. Rb1 Rb8 46. Rh1 Re8 47. Rb1 Rb8 48. Rh1 Re8 49. Rb1 1/2-1/2

[Event "ROU-chT 1st League 2019"]
[Site "Mamaia"]
[Date "2019.09.28"]
[Round "8.12"]
[White "Balla, Tamas-Kristof"]
[Black "Ciorica, Mihai-Vlad"]
[Result "1-0"]
[ECO "B36"]
[WhiteElo "2335"]
[BlackElo "1985"]
[Annotator "NA"]
[PlyCount "79"]
[EventDate "2019.09.21"]
[EventType "team-tourn"]
[EventCountry "ROU"]
[SourceTitle "playchess.com"]
[Source "ChessBase"]
[SourceQuality "1"]
[TimeControl "40/5400+30:1800+30"]

1. e4 c5 2. Nf3 Nc6 3. d4 cxd4 4. Nxd4 g6 5. c4 Nf6 6. Nc3 Nxd4 7. Qxd4 d6 8. Be3 Bg7 9. Be2 O-O 10. Qd2 Be6 11. Rc1 Qa5 12. f3 Rfc8 13. b3 a6 14. Na4 Qxd2+ 15. Kxd2 Nd7 16. g4 Rab8 17. Nc3 Kf8 18. h4 f5 19. exf5 gxf5 20. g5 Ne5 21. f4 Ng4 22. Ba7 Ra8 23. Bb6 h5 24. Bf3 Bxc3+ 25. Rxc3 Rab8 26. Re1 Bd7 27. c5 Bc6 28. cxd6 exd6 29. Bxg4 hxg4 30. Re6 Be4 31. Bc7 Ra8 32. h5 Re8 33. Bxd6+ Kg8 34. Rg6+ Kh8 35. Be5+ Rxe5 36. fxe5 f4 37. Rf6 Rd8+ 38. Ke2 Bf3+ 39. Rxf3 gxf3+ 40. Kxf3 1-0

[Event "ROU-chT 1st League 2019"]
[Site "Mamaia"]
[Date "2019.09.28"]
[Round "8.13"]
[White "Musat, Adrian"]
[Black "Kozak, Adam"]
[Result "1/2-1/2"]
[ECO "A33"]
[WhiteElo "2378"]
[BlackElo "2512"]
[Annotator "ChessBase"]
[PlyCount "53"]
[EventDate "2019.09.21"]
[EventType "team-tourn"]
[EventCountry "ROU"]
[SourceTitle "playchess.com"]
[Source "ChessBase"]
[SourceQuality "1"]
[TimeControl "40/5400+30:1800+30"]

1. Nf3 c5 2. c4 Nc6 3. d4 cxd4 4. Nxd4 Nf6 5. Nc3 e6 6. a3 Be7 7. e4 O-O 8. Be2 d5 9. exd5 exd5 10. O-O Nxd4 11. Qxd4 Be6 12. cxd5 Nxd5 13. Nxd5 Qxd5 14. Qxd5 Bxd5 15. Be3 Bf6 16. Rfd1 Rfd8 17. Bd4 Bb3 18. Bxf6 gxf6 19. Rdc1 Rac8 20. Rxc8 Rxc8 21. Bd1 Bxd1 22. Rxd1 Rc2 23. Rb1 b5 24. Kf1 a5 25. b4 axb4 26. Rxb4 Ra2 27. Rxb5 1/2-1/2

[Event "ROU-chT 1st League 2019"]
[Site "Mamaia"]
[Date "2019.09.28"]
[Round "8.14"]
[White "Gavrilescu, David"]
[Black "Doncea, Vladimir"]
[Result "1/2-1/2"]
[ECO "B40"]
[WhiteElo "2451"]
[BlackElo "2341"]
[Annotator "ChessBase"]
[PlyCount "59"]
[EventDate "2019.09.21"]
[EventType "team-tourn"]
[EventCountry "ROU"]
[SourceTitle "playchess.com"]
[Source "ChessBase"]
[SourceQuality "1"]
[TimeControl "40/5400+30:1800+30"]

1. e4 c5 2. Nf3 e6 3. d4 cxd4 4. Nxd4 Nf6 5. Nc3 Nc6 6. Nxc6 bxc6 7. e5 Nd5 8. Ne4 Qc7 9. f4 Qa5+ 10. c3 Ba6 11. Bd3 Qb6 12. Bxa6 Qxa6 13. Qe2 Qxe2+ 14. Kxe2 f5 15. exf6 Nxf6 16. Nxf6+ gxf6 17. Be3 d5 18. c4 Bd6 19. Rhd1 Ke7 20. Rac1 Rhb8 21. Rc2 f5 22. Rd3 a5 23. cxd5 cxd5 24. Bd2 h5 25. Rh3 Rh8 26. Rc6 Kd7 27. Rb6 Rhb8 28. Rxb8 Rxb8 29. b3 a4 30. Rxh5 1/2-1/2

[Event "ROU-chT 1st League 2019"]
[Site "Mamaia"]
[Date "2019.09.28"]
[Round "8.15"]
[White "Ciorgovean, Iustin"]
[Black "Carmaciu, Lucian-Catalin"]
[Result "1/2-1/2"]
[ECO "A41"]
[WhiteElo "2331"]
[BlackElo "2375"]
[Annotator "NA"]
[PlyCount "103"]
[EventDate "2019.09.21"]
[EventType "team-tourn"]
[EventCountry "ROU"]
[SourceTitle "playchess.com"]
[Source "ChessBase"]
[SourceQuality "1"]
[TimeControl "40/5400+30:1800+30"]

1. d4 d6 2. Nf3 Bg4 3. c4 Bxf3 4. exf3 c6 5. Nc3 g6 6. Be3 Bg7 7. d5 Nf6 8. Be2 O-O 9. O-O Nbd7 10. Qd2 Qa5 11. Rab1 Rfc8 12. Rfc1 cxd5 13. b4 Qd8 14. Nxd5 Nxd5 15. Qxd5 Rc7 16. f4 Nb6 17. Qa5 Qc8 18. c5 dxc5 19. Rxc5 Rxc5 20. Qxc5 Na4 21. Qxe7 Nc3 22. Re1 Bf8 23. Qe5 Nxe2+ 24. Rxe2 Bxb4 25. h4 Bc3 26. Qd5 Bf6 27. h5 a5 28. h6 Qc7 29. g3 Be7 30. Rb2 Qc6 31. Qxc6 bxc6 32. g4 Bb4 33. Kf1 Rc8 34. Ke2 c5 35. Kd3 c4+ 36. Kd4 Kf8 37. Rc2 c3 38. Kd3 f5 39. f3 Rd8+ 40. Ke2 Ke7 41. a3 Bxa3 42. Rxc3 Bd6 43. Bc5 a4 44. Re3+ Kf7 45. Bxd6 Rxd6 46. Rc3 Rd7 47. Ke3 Ra7 48. Ra3 Kf6 49. g5+ Ke6 50. Kd4 Kd6 51. Kc4 Kc6 52. Kd4 1/2-1/2

[Event "ROU-chT 1st League 2019"]
[Site "Mamaia"]
[Date "2019.09.28"]
[Round "8.16"]
[White "Pisu, Robert-Daniel"]
[Black "Barzanu, Iulian"]
[Result "0-1"]
[ECO "B07"]
[WhiteElo "2244"]
[BlackElo "2187"]
[Annotator "NA"]
[PlyCount "80"]
[EventDate "2019.09.21"]
[EventType "team-tourn"]
[EventCountry "ROU"]
[SourceTitle "playchess.com"]
[Source "ChessBase"]
[SourceQuality "1"]
[TimeControl "40/5400+30:1800+30"]

1. d4 d6 2. e4 Nf6 3. Nc3 g6 4. Be3 c6 5. Nf3 Bg7 6. Qd2 O-O 7. Bh6 Nbd7 8. O-O-O Qa5 9. Bd3 e5 10. Bxg7 Kxg7 11. h4 h5 12. dxe5 dxe5 13. Ng5 Qc5 14. f3 b5 15. g4 Rh8 16. gxh5 Nxh5 17. Ne2 Ndf6 18. Rdg1 Qd6 19. Nxf7 Kxf7 20. Bc4+ Ke7 21. Qxd6+ Kxd6 22. Bf7 Be6 23. Bxg6 Rag8 24. Rg5 Ke7 25. Rhg1 Nf4 26. Nxf4 exf4 27. h5 Nd7 28. a4 a6 29. Kd2 Kf6 30. Ke2 Ne5 31. R5g2 Rh6 32. axb5 axb5 33. Kf2 Nxg6 34. hxg6 Rhxg6 35. Rxg6+ Rxg6 36. Ra1 Bh3 37. Ke2 Rg2+ 38. Kd3 Rf2 39. Ra6 Bd7 40. Ra7 Ke5 {Kd4+} 0-1

[Event "ROU-chT 1st League 2019"]
[Site "Mamaia"]
[Date "2019.09.28"]
[Round "8.17"]
[White "Prodileanu, Adrian"]
[Black "Ghimpu, Samuel-Timotei"]
[Result "1/2-1/2"]
[ECO "A14"]
[WhiteElo "2236"]
[BlackElo "2158"]
[Annotator "NA"]
[PlyCount "52"]
[EventDate "2019.09.21"]
[EventType "team-tourn"]
[EventCountry "ROU"]
[SourceTitle "playchess.com"]
[Source "ChessBase"]
[SourceQuality "1"]
[TimeControl "40/5400+30:1800+30"]

1. c4 Nf6 2. g3 e6 3. Bg2 d5 4. Nf3 Be7 5. O-O O-O 6. d4 dxc4 7. Qc2 a6 8. Qxc4 b5 9. Qc2 Bb7 10. Bg5 Nbd7 11. Bxf6 Bxf6 12. Ng5 Bxg5 13. Bxb7 Rb8 14. Bc6 Nb6 15. Rd1 Nd5 16. Bxd5 exd5 17. e3 Re8 18. Nd2 Be7 19. Rdc1 Bd6 20. Qf5 Bb4 21. Nb3 Rb6 22. Rc2 Rf6 23. Qd3 Qd7 24. Rac1 Bd6 25. a3 h5 26. Nc5 Bxc5 1/2-1/2

[Event "ROU-chT 1st League 2019"]
[Site "Mamaia"]
[Date "2019.09.28"]
[Round "8.18"]
[White "Coca, Cristi-Iulian"]
[Black "Jiroveanu, George"]
[Result "1-0"]
[ECO "B03"]
[WhiteElo "2106"]
[BlackElo "2241"]
[Annotator "NA"]
[PlyCount "119"]
[EventDate "2019.09.21"]
[EventType "team-tourn"]
[EventCountry "ROU"]
[SourceTitle "playchess.com"]
[Source "ChessBase"]
[SourceQuality "1"]
[TimeControl "40/5400+30:1800+30"]

1. e4 Nf6 2. e5 Nd5 3. d4 d6 4. exd6 cxd6 5. c4 Nb6 6. Nc3 Bf5 7. Be3 e6 8. Rc1 Be7 9. Nf3 O-O 10. Be2 Nc6 11. b3 d5 12. c5 Nc8 13. O-O Bf6 14. Qd2 Bg4 15. Ne1 Bxe2 16. Nxe2 b6 17. b4 bxc5 18. bxc5 Na5 19. Bf4 Nc4 20. Qb4 Ne7 21. Nf3 Nc6 22. Qa4 Rc8 23. Rb1 Re8 24. Rfd1 h6 25. h3 g5 26. Bg3 Bg7 27. Nd2 N4a5 28. Rb5 Re7 29. Rdb1 Rd7 30. Bd6 Bf8 31. Bh2 Nc4 32. Nxc4 dxc4 33. Qxc4 Nxd4 34. Nxd4 Rxd4 35. Qe2 Bxc5 36. Bg3 Bb6 37. Qh5 Qf8 38. h4 f6 39. hxg5 hxg5 40. Rxg5+ fxg5 41. Qg6+ Qg7 42. Qxe6+ Kh7 43. Qxc8 Qd7 44. Qc2+ Kh6 45. Qe2 Qg4 46. Qe8 Rd1+ 47. Rxd1 Qxd1+ 48. Kh2 Qh5+ 49. Qxh5+ Kxh5 50. Kg1 Kg4 51. Kf1 Kf5 52. Ke2 Ke4 53. f3+ Kd5 54. Bf2 Bd4 55. Bxd4 Kxd4 56. g3 a5 57. a4 Kc4 58. f4 gxf4 59. gxf4 Kd5 60. Kd3 {[%emt 0:00:34] Ke4+ Kxe4} 1-0

[Event "ROU-chT 1st League 2019"]
[Site "Mamaia"]
[Date "2019.09.28"]
[Round "8.19"]
[White "Istratescu, Andrei"]
[Black "Erdos, Viktor"]
[Result "1/2-1/2"]
[ECO "A48"]
[WhiteElo "2556"]
[BlackElo "2604"]
[Annotator "ChessBase"]
[PlyCount "20"]
[EventDate "2019.09.21"]
[EventType "team-tourn"]
[EventCountry "ROU"]
[SourceTitle "playchess.com"]
[Source "ChessBase"]
[SourceQuality "1"]
[TimeControl "40/5400+30:1800+30"]

1. d4 Nf6 2. Nf3 g6 3. Bg5 Bg7 4. Nbd2 O-O 5. c3 d6 6. e4 h6 7. Bh4 c5 8. dxc5 dxc5 9. Bc4 Nc6 10. O-O Nh5 1/2-1/2

[Event "ROU-chT 1st League 2019"]
[Site "Mamaia"]
[Date "2019.09.28"]
[Round "8.20"]
[White "Gonda, Laszlo"]
[Black "Aczel, Gergely"]
[Result "1/2-1/2"]
[ECO "E01"]
[WhiteElo "2541"]
[BlackElo "2530"]
[Annotator "ChessBase"]
[PlyCount "24"]
[EventDate "2019.09.21"]
[EventType "team-tourn"]
[EventCountry "ROU"]
[SourceTitle "playchess.com"]
[Source "ChessBase"]
[SourceQuality "1"]
[TimeControl "40/5400+30:1800+30"]

1. d4 Nf6 2. c4 e6 3. g3 d5 4. Bg2 Bb4+ 5. Nd2 O-O 6. Ngf3 b6 7. O-O Bb7 8. b3 c5 9. Bb2 Qe7 10. a3 Bxd2 11. Nxd2 cxd4 12. Bxd4 e5 1/2-1/2

[Event "ROU-chT 1st League 2019"]
[Site "Mamaia"]
[Date "2019.09.28"]
[Round "8.21"]
[White "Miron, Lucian-Costin"]
[Black "Grigore, George-Gabriel"]
[Result "1-0"]
[ECO "B31"]
[WhiteElo "2490"]
[BlackElo "2491"]
[Annotator "ChessBase"]
[PlyCount "133"]
[EventDate "2019.09.21"]
[EventType "team-tourn"]
[EventCountry "ROU"]
[SourceTitle "playchess.com"]
[Source "ChessBase"]
[SourceQuality "1"]
[TimeControl "40/5400+30:1800+30"]

1. e4 c5 2. Nf3 Nc6 3. Bb5 g6 4. Bxc6 bxc6 5. O-O Bg7 6. Re1 f6 7. c3 d6 8. d4 cxd4 9. cxd4 Nh6 10. Nc3 O-O 11. h3 Nf7 12. Be3 Bd7 13. Qc2 Qa5 14. Rac1 Qh5 15. Ne2 Qa5 16. Nc3 Qh5 17. Ne2 Qa5 18. b3 Rfc8 19. Ng3 Qb5 20. h4 e5 21. h5 g5 22. dxe5 dxe5 23. Nd2 Be6 24. Nc4 Bf8 25. Qe2 Be7 26. Qf3 Rd8 27. Nf5 Bf8 28. Rc2 Rd7 29. Ng3 Be7 30. Nf5 Bf8 31. Rec1 Rad8 32. Ng3 Be7 33. Nf5 Bf8 34. Kh2 Rc7 35. Nb2 c5 36. Nc4 Qa6 37. Nd2 Rdc8 38. Kg1 Rd8 39. Nf1 Rdc8 40. Nh2 Bxf5 41. Qxf5 Nh6 42. Qf3 Qe6 43. Rc4 Rc6 44. Qe2 Kg7 45. Ra4 R8c7 46. Rac4 Qe8 47. Nf1 Qe6 48. Ng3 Be7 49. Qc2 Rd7 50. b4 Ra6 51. Bxc5 Bxc5 52. bxc5 Rc6 53. Rc3 Qe7 54. Qe2 Qd8 55. Nf1 Rd4 56. Rc4 Rd7 57. R4c2 Rd4 58. Ne3 Rd7 59. Nd5 Nf5 60. Qg4 Nd4 61. Rc4 a5 62. Rb1 f5 63. Qh3 fxe4 64. Rb8 Rc8 65. Rxc8 Qxc8 66. Nb6 Nf3+ 67. Qxf3 1-0

[Event "ROU-chT 1st League 2019"]
[Site "Mamaia"]
[Date "2019.09.28"]
[Round "8.22"]
[White "Manea, Alexandru"]
[Black "Murariu, Andrei"]
[Result "1/2-1/2"]
[ECO "D37"]
[WhiteElo "2305"]
[BlackElo "2495"]
[Annotator "ChessBase"]
[PlyCount "115"]
[EventDate "2019.09.21"]
[EventType "team-tourn"]
[EventCountry "ROU"]
[SourceTitle "playchess.com"]
[Source "ChessBase"]
[SourceQuality "1"]
[TimeControl "40/5400+30:1800+30"]

1. d4 d5 2. c4 e6 3. Nf3 Nf6 4. Nc3 Be7 5. Qc2 O-O 6. cxd5 exd5 7. Bf4 c6 8. h3 Nbd7 9. e3 Re8 10. Bd3 Nf8 11. O-O Ng6 12. Bh2 Bd6 13. Bxd6 Qxd6 14. Rab1 Qe7 15. b4 a6 16. a4 Ne4 17. b5 axb5 18. axb5 Nh4 19. Nxh4 Qxh4 20. Nxe4 dxe4 21. Bc4 cxb5 22. Rxb5 Ra6 23. Re5 Rxe5 24. Bxa6 Re8 25. Bb5 Rf8 26. Qc5 Be6 27. Qe5 Rd8 28. Rc1 h6 29. Bc4 Rc8 30. Qxe6 fxe6 31. Bxe6+ Kf8 32. Rxc8+ Ke7 33. Bd5 b5 34. Rb8 Qh5 35. Rb7+ Kd6 36. Rb6+ Kc7 37. Rb7+ Kd6 38. Rb6+ Kc7 39. Rxb5 Qd1+ 40. Kh2 Qe2 41. Rc5+ Kd6 42. Kg3 h5 43. Bxe4 h4+ 44. Kxh4 Qxf2+ 45. Kg4 Qxe3 46. Rd5+ Ke6 47. Bf3 Kf6 48. Rd6+ Ke7 49. Rd5 Kf6 50. h4 Qe6+ 51. Kf4 Qe1 52. Kg4 Qe6+ 53. Kf4 Qe1 54. Rf5+ Kg6 55. Rg5+ Kf6 56. Rf5+ Kg6 57. Rg5+ Kf6 58. Rf5+ {[%emt 0:09:48] Ke5+ Ke4+} 1/2-1/2

[Event "ROU-chT 1st League 2019"]
[Site "Mamaia"]
[Date "2019.09.28"]
[Round "8.23"]
[White "Mateuta, Gabriel"]
[Black "Szabo, Attila"]
[Result "1-0"]
[ECO "D30"]
[WhiteElo "2514"]
[BlackElo "2239"]
[Annotator "ChessBase"]
[PlyCount "65"]
[EventDate "2019.09.21"]
[EventType "team-tourn"]
[EventCountry "ROU"]
[SourceTitle "playchess.com"]
[Source "ChessBase"]
[SourceQuality "1"]
[TimeControl "40/5400+30:1800+30"]

1. d4 d5 2. Nf3 Nf6 3. c4 e6 4. Bg5 Be7 5. Nc3 O-O 6. cxd5 exd5 7. e3 c6 8. Bd3 Nbd7 9. Qc2 Re8 10. h3 Nf8 11. Bf4 Bd6 12. Be5 Ng6 13. Bxd6 Qxd6 14. O-O-O b6 15. g4 Bb7 16. g5 Nd7 17. h4 Ngf8 18. h5 c5 19. g6 fxg6 20. hxg6 h6 21. Bf5 a6 22. dxc5 bxc5 23. Qb3 Nb6 24. Na4 Nxa4 25. Qxb7 Qf6 26. Qf7+ Qxf7 27. gxf7+ Kxf7 28. Rxd5 Rab8 29. Bc2 Nxb2 30. Rxc5 Ne6 31. Rc3 Rb4 32. Rb3 Reb8 33. Kxb2 1-0

[Event "ROU-chT 1st League 2019"]
[Site "Mamaia"]
[Date "2019.09.28"]
[Round "8.24"]
[White "Vasiesiu, Victor"]
[Black "Ognean, Mihnea-Ionut"]
[Result "1/2-1/2"]
[ECO "B31"]
[WhiteElo "2251"]
[BlackElo "2285"]
[Annotator "NA"]
[PlyCount "49"]
[EventDate "2019.09.21"]
[EventType "team-tourn"]
[EventCountry "ROU"]
[SourceTitle "playchess.com"]
[Source "ChessBase"]
[SourceQuality "1"]
[TimeControl "40/5400+30:1800+30"]

1. e4 c5 2. Nf3 Nc6 3. Bb5 g6 4. c3 Bg7 5. d4 cxd4 6. cxd4 Nf6 7. Qe2 d5 8. e5 Ne4 9. O-O O-O 10. Rd1 f6 11. Nc3 Nxc3 12. bxc3 Bg4 13. Bxc6 bxc6 14. e6 g5 15. Ba3 Bf5 16. Bc5 Qc7 17. Re1 Rab8 18. h3 Rb7 19. Qe3 h5 20. Nd2 Bh6 21. Nf1 Bg6 22. Qf3 f5 23. Re5 Kh7 24. c4 g4 25. Qc3 1/2-1/2

[Event "ROU-chT 1st League 2019"]
[Site "Mamaia"]
[Date "2019.09.28"]
[Round "8.25"]
[White "Oltean, Dorel"]
[Black "Tarlev, Konstantin"]
[Result "0-1"]
[ECO "B93"]
[WhiteElo "2333"]
[BlackElo "2559"]
[Annotator "ChessBase"]
[PlyCount "56"]
[EventDate "2019.09.21"]
[EventType "team-tourn"]
[EventCountry "ROU"]
[SourceTitle "playchess.com"]
[Source "ChessBase"]
[SourceQuality "1"]
[TimeControl "40/5400+30:1800+30"]

1. e4 c5 2. Nf3 d6 3. d4 cxd4 4. Nxd4 Nf6 5. Nc3 a6 6. f4 e5 7. Nf3 Qc7 8. Bd3 Be7 9. O-O O-O 10. Kh1 Nbd7 11. Qe1 b5 12. Nh4 g6 13. f5 b4 14. Nd1 Nc5 15. Bh6 Bb7 16. Bxf8 Rxf8 17. Nf2 d5 18. exd5 Bxd5 19. fxg6 hxg6 20. Bxg6 fxg6 21. Nxg6 Rf7 22. Qxe5 Bxg2+ 23. Kxg2 Qb7+ 24. Kg1 Rg7 25. Nh1 Rxg6+ 26. Ng3 Nce4 27. Rf5 Bc5+ 28. Kf1 Qb5+ 0-1

[Event "ROU-chT 1st League 2019"]
[Site "Mamaia"]
[Date "2019.09.28"]
[Round "8.26"]
[White "Morozov, Nichita"]
[Black "Florescu, Codrut-Constantin"]
[Result "0-1"]
[ECO "E15"]
[WhiteElo "2394"]
[BlackElo "2286"]
[Annotator "NA"]
[PlyCount "88"]
[EventDate "2019.09.21"]
[EventType "team-tourn"]
[EventCountry "ROU"]
[SourceTitle "playchess.com"]
[Source "ChessBase"]
[SourceQuality "1"]
[TimeControl "40/5400+30:1800+30"]

1. d4 Nf6 2. c4 e6 3. Nf3 b6 4. g3 Ba6 5. Qc2 c5 6. Bg2 Nc6 7. dxc5 Bxc5 8. a3 Rc8 9. Qa4 Bxc4 10. Nbd2 b5 11. Qc2 Qb6 12. e3 O-O 13. b3 Bd5 14. O-O Be7 15. Qd3 Na5 16. Bb2 Bb7 17. Ng5 g6 18. Bd4 Qa6 19. e4 Nc6 20. Bb2 d6 21. Bh3 Ne5 22. Qd4 Rc2 23. Rac1 Rxd2 24. Qxd2 Nxe4 25. Qe2 Nxg5 26. Bg2 Bxg2 27. Kxg2 Qb7+ 28. f3 Ngxf3 29. Rxf3 Qxf3+ 30. Qxf3 Nxf3 31. Kxf3 Ra8 32. Rc7 Kf8 33. Bd4 a6 34. a4 bxa4 35. bxa4 e5 36. Be3 f5 37. Bh6+ Ke8 38. h4 Rb8 39. Ra7 Rb3+ 40. Kf2 Rb2+ 41. Kf3 e4+ 42. Ke3 Rb3+ 43. Kd4 Rd3+ 44. Kc4 d5# 0-1

[Event "ROU-chT 1st League 2019"]
[Site "Mamaia"]
[Date "2019.09.28"]
[Round "8.27"]
[White "Oltean, Liviu-Ioan"]
[Black "Ionescu, Constantin"]
[Result "1/2-1/2"]
[ECO "C41"]
[WhiteElo "2313"]
[BlackElo "2426"]
[Annotator "NA"]
[PlyCount "44"]
[EventDate "2019.09.21"]
[EventType "team-tourn"]
[EventCountry "ROU"]
[SourceTitle "playchess.com"]
[Source "ChessBase"]
[SourceQuality "1"]
[TimeControl "40/5400+30:1800+30"]

1. e4 d6 2. d4 Nf6 3. Nc3 e5 4. Nf3 Nbd7 5. Be2 Be7 6. O-O O-O 7. Be3 c6 8. h3 Qc7 9. Re1 b5 10. a3 Bb7 11. Bd3 Rfe8 12. Bg5 a6 13. Qd2 Bf8 14. dxe5 dxe5 15. Rad1 h6 16. Bh4 Rad8 17. g4 Be7 18. Qe3 Nf8 19. Bg3 Ng6 20. Bf1 Bc8 21. Rxd8 Rxd8 22. Rd1 Rxd1 1/2-1/2

[Event "ROU-chT 1st League 2019"]
[Site "Mamaia"]
[Date "2019.09.28"]
[Round "8.28"]
[White "Cosma, Ioan"]
[Black "Talu, Mircea"]
[Result "1-0"]
[ECO "A46"]
[WhiteElo "2394"]
[BlackElo "2288"]
[Annotator "NA"]
[PlyCount "111"]
[EventDate "2019.09.21"]
[EventType "team-tourn"]
[EventCountry "ROU"]
[SourceTitle "playchess.com"]
[Source "ChessBase"]
[SourceQuality "1"]
[TimeControl "40/5400+30:1800+30"]

1. d4 Nf6 2. Nf3 e6 3. g3 b5 4. Bg2 Bb7 5. O-O c5 6. Na3 a6 7. c4 b4 8. Nc2 cxd4 9. Nfxd4 Bxg2 10. Kxg2 Qc8 11. Qd3 Nc6 12. Nxc6 Qxc6+ 13. Qf3 Qxf3+ 14. Kxf3 Rc8 15. b3 d5 16. Ne3 Bc5 17. cxd5 Bd4 18. Rb1 Bxe3 19. Bxe3 Nxd5 20. Bd4 f6 21. Rbc1 Kd7 22. e4 Rxc1 23. Rxc1 Ne7 24. Bc5 Nc6 25. Ke3 a5 26. f4 a4 27. Kd3 axb3 28. axb3 Kc7 29. Kc4 Rd8 30. Ra1 Kb7 31. Ra2 Kc7 32. Ra6 Rb8 33. Ra4 Rd8 34. Bxb4 Nxb4 35. Kxb4 Kb6 36. Kc3 Rd1 37. Rd4 Rh1 38. Rd6+ Kc5 39. Rxe6 Rxh2 40. b4+ Kb5 41. Re7 g6 42. Rb7+ Kc6 43. Rf7 Rh3 44. Kc4 Rxg3 45. Rxf6+ Kd7 46. b5 Re3 47. Kd5 Rd3+ 48. Kc4 Re3 49. e5 g5 50. Kd5 Rb3 51. Rd6+ Ke7 52. Kc4 Re3 53. b6 Re4+ 54. Kd5 Rxf4 55. Rh6 Kf7 56. Rf6+ 1-0

[Event "ROU-chT 1st League 2019"]
[Site "Mamaia"]
[Date "2019.09.28"]
[Round "8.29"]
[White "Toma Andreica, Alin"]
[Black "Itkis, Boris"]
[Result "0-1"]
[ECO "B24"]
[WhiteElo "2163"]
[BlackElo "2323"]
[Annotator "NA"]
[PlyCount "50"]
[EventDate "2019.09.21"]
[EventType "team-tourn"]
[EventCountry "ROU"]
[SourceTitle "playchess.com"]
[Source "ChessBase"]
[SourceQuality "1"]
[TimeControl "40/5400+30:1800+30"]

1. e4 c5 2. Nc3 Nc6 3. g3 g6 4. Bg2 Bg7 5. f4 d6 6. Nf3 e6 7. O-O Nge7 8. d3 O-O 9. Be3 Nd4 10. Qd2 Nec6 11. Nd1 Nxf3+ 12. Bxf3 b6 13. c3 Ba6 14. Nf2 Rc8 15. Rfc1 d5 16. exd5 exd5 17. d4 Re8 18. dxc5 d4 19. cxd4 Bxd4 20. Bxd4 Nxd4 21. Kg2 bxc5 22. b4 Nxf3 23. Qxd8 Rcxd8 24. Kxf3 Bb7+ 25. Kg4 Rd2 0-1

[Event "ROU-chT 1st League 2019"]
[Site "Mamaia"]
[Date "2019.09.28"]
[Round "8.30"]
[White "Ileana, George"]
[Black "Bobocea, Laurentiu-Vlad"]
[Result "1-0"]
[ECO "A05"]
[WhiteElo "2349"]
[BlackElo "1921"]
[Annotator "NA"]
[PlyCount "93"]
[EventDate "2019.09.21"]
[EventType "team-tourn"]
[EventCountry "ROU"]
[SourceTitle "playchess.com"]
[Source "ChessBase"]
[SourceQuality "1"]
[TimeControl "40/5400+30:1800+30"]

1. Nf3 Nf6 2. g3 g6 3. Bg2 Bg7 4. O-O O-O 5. d4 d6 6. Nbd2 b5 7. Ne1 c6 8. a4 bxa4 9. Rxa4 Qc7 10. Nd3 Nbd7 11. b3 e5 12. dxe5 Nxe5 13. Nxe5 dxe5 14. Nc4 Rd8 15. Bd2 Be6 16. Ba5 Rxd1 17. Bxc7 Rxf1+ 18. Kxf1 e4 19. Nb6 Re8 20. Rxa7 Bf5 21. c4 Bf8 22. Ra8 Rxa8 23. Nxa8 c5 24. e3 Nd7 25. Nb6 Nxb6 26. Bxb6 h5 27. Ke1 Bd6 28. Kd2 Kf8 29. Kc3 Ke8 30. b4 cxb4+ 31. Kb3 Be7 32. c5 Be6+ 33. Kxb4 Bd5 34. Bf1 Bc6 35. Bb5 Kd7 36. Bc4 Ke8 37. Bc7 h4 38. Be5 hxg3 39. hxg3 Bd8 40. Bd6 Bf6 41. Ka5 Bc3+ 42. Kb6 Ba4 43. c6 Bxc6 44. Kxc6 Be1 45. Kd5 f5 46. Ke6 Bxf2 47. Be7 1-0